AoeStats
← Iguano Pop

Nomad

510049906Analyzed
2v2 RM · 3d ago on Sep 29, 2026· 26m 59s· 4 players
Game mode
Random Map
Map size
176×176
Population
200
Speed
Normal
Resources
Standard
Victory
Conquest
Starting age
Dark Age
Ending age
Imperial Age
RankedLock teamsTeams togetherTeam positionsShared explorationLock speedFull tech treeHidden civsTurbo modeCheats
Victory
Defeat
🇭🇰 Saxons · Hong Kong SAR China
1560
+6
🇩🇪 Koreans · Germany
1472
+9
🇲🇽 Saracens · Mexico
1322
-8
🇻🇳 Danes · Vietnam
1302
-7
aswjegk
11:55 Feudal Age
12:24 Double-Bit Axe
17:58 Castle Age
17:19 Stone Mining
17:51 Gold Mining
17:58 Fletching
18:34 Loom
18:53 Town Watch
20:56 Bodkin Arrow
22:38 Horse Collar
dendenpuppy
11:50 Feudal Age
12:34 Double-Bit Axe
19:53 Castle Age
19:10 Fletching
21:34 Bodkin Arrow
26:54 Loom
bina
12:43 Feudal Age
12:04 Loom
13:24 Double-Bit Axe
16:23 Fletching
17:40 Forging
20:56 Castle Age
18:52 Fishing Lines
19:13 Padded Archer Armor
19:36 Gold Mining
21:52 Medium Warships
Iguano Pop
5:18 Loom
13:00 Feudal Age
16:19 Fletching
21:49 Town Watch
24:51 Castle Age
22:49 Double-Bit Axe
24:32 Gold Mining
24:33 Stone Mining
25:37 Bodkin Arrow
Connection lost

Rejoining the realm…

Still unreachable

The connection could not be restored.

Session expired

The server has moved on; the page needs a fresh start.